 Dungeon Crawl Stone Soup version 0.29.1-1-gd02db6906a (webtiles) character file.

Game seed: 13542323777497527685

702 Earthwalker the Trooper (level 7, -3/63 HPs)
             Began as a Minotaur Fighter on Oct 15, 2022.
             Was an Initiate of Okawaru.
             Slain by a gnoll
             ... wielding a +0 club
             ... led by a gnoll bouda
              (5 damage)
             ... on level 6 of the Dungeon.
             The game lasted 00:11:55 (3943 turns).

Earthwalker the Trooper (Minotaur Fighter)          Turns: 3943, Time: 00:11:56

Health: -3/63      AC:  8    Str: 23    XL:     7   Next: 38%
Magic:  6/6        EV:  9    Int:  5    God:    Okawaru [......]
Gold:   222        SH:  5    Dex:  9    Spells: 6/6 levels left

rFire   . . .      SeeInvis .   a - +0 war axe
rCold   . . .      Faith    .   c - +0 buckler
rNeg    . . .      Spirit   .   b - +0 scale mail
rPois   .          Reflect  .   A - +1 hat
rElec   .          Harm     .   (no cloak)
rCorr   +          Rampage  .   (no gloves)
Will    .....                   (no boots)
Stlth   ..........              (no amulet)
HPRegen 0.20/turn               r - ring of resist corrosion
MPRegen 0.10/turn               (no ring)

@: no status effects
A: horns 2, retaliatory headbutt
a: Renounce Religion


You were on level 6 of the Dungeon.
You worshipped Okawaru.
Okawaru was noncommittal.
You visited 2 branches of the dungeon, and saw 8 of its levels.

You collected 222 gold pieces.

Inventory:

Hand Weapons
 a - a +0 war axe (weapon)
Missiles
 k - 10 javelins (quivered)
 s - 2 boomerangs
 w - a throwing net
 C - 5 poisoned darts
Armour
 b - a +0 scale mail (worn)
 c - a +0 buckler (worn)
 A - a +1 hat (worn)
Jewellery
 e - an amulet of faith
 r - a ring of resist corrosion (left hand)
 u - an amulet of magic regeneration
Wands
 n - a wand of polymorph (8)
 y - a wand of acid (11)
Scrolls
 f - a scroll of silence {unknown}
 h - 2 scrolls of enchant armour
 i - a scroll of acquirement {unknown}
 l - 3 scrolls of enchant weapon
 q - 3 scrolls of fear
 B - a scroll of brand weapon {unknown}
 D - 3 scrolls of identify
 E - a scroll of amnesia {unknown}
 F - a scroll of poison {unknown}
 G - 2 scrolls of teleportation {unknown}
 H - a scroll of butterflies {unknown}
Potions
 d - a potion of might
 g - 3 potions of curing {unknown}
 j - 2 potions of magic {unknown}
 m - 2 potions of heal wounds {unknown}
 o - 2 potions of brilliance {unknown}
 p - a potion of cancellation {unknown}
 t - a potion of invisibility {unknown}
 v - 3 potions of mutation {unknown}
 x - a potion of attraction {unknown}
 z - a potion of lignification {unknown}


   Skills:
 * Level 6.1 Fighting
 * Level 5.3 Axes
 * Level 6.1 Armour
 * Level 6.0 Shields


You had 6 spell levels left.
You didn't know any spells.
Your spell library contained the following spells:

 Spells                   Type           Power      Damage    Failure   Level
 Beastly Appendage        Tmut           0%         N/A       85%         1
 Blink                    Tloc           0%         N/A       94%         2
 Wereblood                Tmut           0%         N/A       94%         2
 Confusing Touch          Hex            0%         N/A       99%         3
 Lesser Beckoning         Tloc           0%         N/A       99%         3
 Spider Form              Tmut/Pois      0%         N/A       99%         3
 Manifold Assault         Tloc           0%         N/A       100%        5
 Yara's Violent Unravell  Hex/Tmut       0%         3d3       100%        5
 Enfeeble                 Hex            0%         N/A       100%        7


Dungeon Overview and Level Annotations

Branches:
Dungeon (7/15)             Temple (1/1) D:7

Altars:
Cheibriados
Dithmenos
Elyvilon
Fedhas
Gozag
Kikubaaqudgha
Makhleb
Nemelex Xobeh
Okawaru
Ru
Sif Muna
Uskayaw
Vehumet
Wu Jian

Shops:
D:3 =(![


Innate Abilities, Weirdness & Mutations

You have a pair of horns on your head.
You reflexively headbutt those who attack you in melee.


Message History

Pain shoots through your body!
* * * LOW HITPOINT WARNING * * *
You open the door.
There is an open door here.
The orc wizard points at you and mumbles some strange words.
You resist with some effort.
You see here 6 stones.
A gnoll bouda and a gnoll come into view.
The gnoll bouda shouts!
The gnoll shouts!
The gnoll bouda barks out a call to the hunt!
The gnoll picks up the pace!
A gnoll comes into view. It is wielding a +0 whip.
The gnoll shouts!
You hear a shout!
The gnoll bouda barks out a call to the hunt!
The orc priest invokes the aid of Beogh against you.
Beogh smites you!
* * * LOW HITPOINT WARNING * * *
A gnoll comes into view. It is wielding a +0 club.
There is a stone staircase leading down here.
You block the gnoll's attack.
You climb downwards.
Found a book of Weapons.
There is a stone staircase leading up here.
You hit the gnoll but do no damage. The gnoll hits you with a +0 club.
* * * LOW HITPOINT WARNING * * *
You closely miss the gnoll. Your headbutt misses the gnoll.
The gnoll hits you but does no damage.
You closely miss the gnoll. Your headbutt misses the gnoll.
The gnoll hits you but does no damage. The gnoll barely misses you.
You hit the gnoll.
The gnoll is heavily wounded.
The gnoll hits you with a +0 club.
* * * LOW HITPOINT WARNING * * *
You barely miss the gnoll. Your headbutt misses the gnoll.
The gnoll is heavily wounded.
The gnoll hits you but does no damage.
You hit the gnoll but do no damage. You headbutt the gnoll.
The gnoll is almost dead.
The gnoll barely misses you. The gnoll hits you with a +0 club.
You die...

# #
.#.
#.#
#.#
#.#
#@#
#g#
#..
##.#
.#
.#
:#
..


You could see a gnoll (swift).

Vanquished Creatures
  Sigmund (D:2)
  A phantom (D:4)
  Blork the orc (D:4)
  2 hounds
  An orc priest (D:5)
  Ijyb (D:3)
  An iguana (D:5)
  An orc wizard (D:5)
  7 gnolls
  5 adders
  2 ufetubi
  A worm (D:2)
  2 dart slugs
  An orc (D:5)
  4 bats (D:1)
  7 endoplasms
  5 giant cockroaches
  9 goblins
  9 hobgoblins
  13 jackals
  7 quokkas
  5 ball pythons
  3 frilled lizards
  9 kobolds
  2 rats (D:2)
  2 toadstools (D:1)
102 creatures vanquished.

Vanquished Creatures (others)
  2 toadstools (D:1)
2 creatures vanquished.

Grand Total: 104 creatures vanquished

Notes
Turn   | Place    | Note
-------+----------+-------------------------------------------
     0 | D:1      | Earthwalker the Minotaur Fighter began the quest for the
                  | Orb.
     0 | D:1      | Reached XP level 1. HP: 19/19 MP: 0/0
    40 | D:1      | Found a faded altar of an unknown god.
   125 | D:1      | Reached XP level 2. HP: 24/27 MP: 1/1
   432 | D:1      | Reached XP level 3. HP: 33/33 MP: 2/2
   799 | D:2      | Noticed Sigmund
   810 | D:2      | Killed Sigmund
   811 | D:2      | Reached skill level 5 in Fighting
   811 | D:2      | Reached XP level 4. HP: 12/42 MP: 3/3
   811 | D:2      | Reached XP level 5. HP: 14/48 MP: 4/4
  1106 | D:2      | Reached skill level 5 in Shields
  1198 | D:2      | Reached skill level 5 in Armour
  1574 | D:1      | Reached XP level 6. HP: 49/56 MP: 5/5
  1960 | D:3      | Identified the +1 leather armour of the Antique Tarantula
                  | {rN+ Regen+ rCorr Dex-5}
  2027 | D:3      | Found Xetor's Distillery.
  2158 | D:3      | Found Heddiseth's Jewellery Shop.
  2240 | D:3      | Found Saokkoixeu's Weapon Shoppe.
  2260 | D:3      | Found Cesymim's Antique Armour Shoppe.
  2434 | D:3      | Noticed Ijyb
  2443 | D:3      | Killed Ijyb
  2723 | D:4      | Noticed Blork the orc
  2739 | D:4      | Killed Blork the orc
  2740 | D:4      | Reached skill level 5 in Axes
  2740 | D:4      | Reached XP level 7. HP: 39/62 MP: 6/6
  3161 | D:4      | Found a sparkling altar of Nemelex Xobeh.
  3248 | D:4      | You fall into a shaft and drop 3 floors!
  3262 | D:7      | Found a staircase to the Ecumenical Temple.
  3274 | Temple   | Entered the Ecumenical Temple
  3339 | Temple   | Became a worshipper of Warmaster Okawaru
  3452 | D:7      | Found a snail-covered altar of Cheibriados.
  3465 | D:5      | Entered Level 5 of the Dungeon
  3938 | D:6      | HP: 2/63 [gnoll/+0 club[a gnoll bouda] (6)]
  3943 | D:6      | Slain by a gnoll

Illustrated notes

Levels and vault maps discovered:
D:1:      ldierk_water_garden, layout_basic,
          shapermc_ecumenical_altar_starsandcircs, minmay_bisected
D:2:      layout_rooms, uniq_sigmund
D:3:      minmay_evil_eye, layout_basic, serial_shops, nicolae_shop_waterfront,
          nicolae_shop_stone, shop, shop, uniq_ijyb
D:4:      layout_cave_pools, nemelex_diamond_rough_becter, uniq_blork_the_orc
D:5:      layout_gridville, mainiacjoe_overflow_alcove_1
D:6:      layout_loops_corners, yredelemnul_altar_generic
D:7:      layout_basic, lemuel_doored_altar, minmay_temple_entry_trees
Temple:   bh_familiar_temple

Skill      XL: |  1  2  3  4  5  6  7 |
---------------+----------------------+-----
Fighting       | 4 5 6 |  6.1
Armour         | 4 5 6 |  6.1
Shields        | 4 5 6 |  6.0
Axes           | 4 5 |  5.3

Action                   |  1- 3 |  4- 6 |  7- 9 || total
-------------------------+-------+-------+-------++-------
Melee: War axe           |    89 |   125 |    46 ||   260
       Headbutt          |    12 |    13 |     7 ||    32
  Use: Scroll            |       |     3 |     1 ||     4
Armor: Scale mail        |    54 |    48 |    22 ||   124
Dodge: Dodged            |    45 |    59 |    31 ||   135
Block: Buckler           |    30 |    19 |    15 ||    64
